 Dungeon Crawl Stone Soup version 0.29-a0-321-gf1c400731a (webtiles) character file.

Game seed: 18287212055224220645

42 Armakuni the Gusty (level 3, -9/28 HPs)
             Began as a Human Wanderer on Apr 3, 2022.
             Mangled by a worm (10 damage)
             ... on level 2 of the Dungeon.
             The game lasted 00:04:08 (1766 turns).

Armakuni the Gusty (Human Wanderer)                 Turns: 1766, Time: 00:04:09

Health: -9/28      AC:  5    Str: 10    XL:     3   Next: 77%
Magic:  4/4        EV:  9    Int: 12    God:
Gold:   83         SH:  7    Dex: 16    Spells: 2/4 levels left

rFire   . . .      SeeInvis .   a - +0 dagger
rCold   . . .      Faith    .   d - +2 buckler
rNeg    . . .      Spirit   .   h - +0 ring mail
rPois   .          Reflect  .   (no helmet)
rElec   .          Harm     .   (no cloak)
rCorr   .          Rampage  .   (no gloves)
Will    .....                   (no boots)
Stlth   +.........              (no amulet)
HPRegen 0.09/turn               (no ring)
MPRegen 0.09/turn               (no ring)

@: no status effects
A: no striking features
a: no special abilities


You were on level 2 of the Dungeon.
You visited 1 branch of the dungeon, and saw 2 of its levels.

You collected 83 gold pieces.

Inventory:

Hand Weapons
 a - a +0 dagger (weapon)
Missiles
 i - a poisoned dart (quivered)
Armour
 b - a +0 scale mail
 d - a +2 buckler (worn)
 h - a +0 ring mail (worn)
Scrolls
 e - a scroll of vulnerability
Potions
 c - a potion of might {unknown}
 f - a potion of ambrosia
 g - a potion of curing


   Skills:
 - Level 2.8 Fighting
 - Level 1.0 Armour
 - Level 1.0 Stealth
 - Level 3.0 Shields
 - Level 1.0 Spellcasting
 + Level 0.9 Conjurations
 - Level 3.0 Air Magic
 - Level 1.0 Evocations


You had 2 spell levels left.
You knew the following spells:

 Your Spells              Type           Power      Damage    Failure   Level
z - Static Discharge      Conj/Air       5%         N/A       56%         2

Your spell library contained the following spells:

 Spells                   Type           Power      Damage    Failure   Level
 Corpse Rot               Necr/Air       8%         N/A       63%         2


Dungeon Overview and Level Annotations

Branches:
Dungeon (2/15)

Altars:

Annotations:
D:2 Jessica, Terence


Message History

The worm is heavily wounded.
You block the adder's attack. You block the worm's attack.
You hit the worm.
The worm is severely wounded.
You block the adder's attack.
You hit the worm but do no damage.
The worm is severely wounded.
The adder barely misses you. You block the worm's attack.
You hit the worm.
The worm is severely wounded.
The adder barely misses you. The adder bites you but does no damage.
You hit the worm.
The worm is severely wounded.
You block the adder's attack. The worm closely misses you.
You hit the worm.
The worm is severely wounded.
The adder bites you but does no damage. The worm bites you but does no damage.
You hit the worm.
The worm is almost dead.
You block the adder's attack. The adder bites you.
You are poisoned.
The adder poisons you!
You hit the worm but do no damage.
The worm is almost dead.
You feel sick. The adder bites you but does no damage.
The worm closely misses you.
You hit the worm.
The worm is almost dead.
You feel sick.
You block the adder's attack. x2; The worm bites you!
* * * LOW HITPOINT WARNING * * *
You hit the worm.
The worm is almost dead.
* * * LOW HITPOINT WARNING * * *
You feel sick.
You are no longer poisoned.
The adder barely misses you.
You hit the worm but do no damage.
The worm is almost dead.
The adder misses you. The worm bites you!
You die...

### ##
####.##S##
#.....@#.#.#.#.
#.#####w.......
#.##...#.?.....
#<##.## .......
#### ....$..
...>... .......
...(... .#.#.#.


You could see a worm and an adder.

Vanquished Creatures
  An adder (D:2)
  4 ball pythons
  3 endoplasms (D:1)
  2 giant cockroaches (D:1)
  4 goblins
  7 hobgoblins
  A kobold (D:1)
  4 rats (D:1)
  A spectral hobgoblin (D:1)
27 creatures vanquished.

Notes
Turn   | Place    | Note
-------+----------+-------------------------------------------
     0 | D:1      | Armakuni the Human Wanderer began the quest for the Orb.
     0 | D:1      | Armakuni set off with the following items: a +0 dagger, a
                  | +0 scale mail, a potion of attraction, a +2 buckler; and
                  | the following spells available to memorise: Corpse Rot,
                  | Static Discharge
     0 | D:1      | Reached XP level 1. HP: 13/13 MP: 2/2
    51 | D:1      | Reached skill level 1 in Fighting
   316 | D:1      | Reached XP level 2. HP: 21/21 MP: 3/3
   838 | D:1      | Reached XP level 3. HP: 17/28 MP: 4/4
  1040 | D:1      | Found a faded altar of an unknown god.
  1488 | D:2      | Noticed Terence
  1620 | D:2      | Learned a level 2 spell: Static Discharge
  1686 | D:2      | Noticed Jessica
  1765 | D:2      | HP: 1/28 [poisoned by an adder]
  1766 | D:2      | Mangled by a worm

Illustrated notes

Levels and vault maps discovered:
D:1:      scummos_arrival_hexagon, layout_basic,
          dreamdust_ecumenical_altar_drowned_temple, minmay_tiny_reverse_x
D:2:      layout_basic, st_stairs_4, uniq_jessica, uniq_terence

Skill      XL: |  1  2 |
---------------+-------+-----
Fighting       | 1 2 |  2.8
Armour         | |  1.0
Stealth        | |  1.0
Shields        | |  3.0
Spellcasting   | |  1.0
Conjurations   | |  0.9
Air Magic      | |  3.0
Evocations     | |  1.0

Action                   || total
-------------------------++-------
Melee: Dagger            ||   176
Throw: Dart              ||     3
  Use: Scroll            ||     5
       Potion            ||     1
Armor: Scale mail        ||    48
       Ring mail         ||    15
Dodge: Dodged            ||    47
Block: Buckler           ||    65

Table legend: (Time is in decaauts)
 A = Elapsed time spent in this place.
 B = Non-inter-level travel time spent in this place.
 C = Inter-level travel time spent in this place.
 D = Time resting spent in this place.
 E = Time spent auto-exploring this place.
 F = Levels seen in this place.
 G = Mean time per level.
                   A        B        C        D        E       F      G
               +--------+--------+--------+--------+--------+-----+--------+
         Total |   1779 |   1674 |    105 |    448 |    762 |   2 |  889.5 |
       Dungeon |   1779 |   1674 |    105 |    448 |    762 |   2 |  889.5 |
               +--------+--------+--------+--------+--------+-----+--------+

Top non-repeatable levels by time:
     D:1: 1556 daAuts
     D:2: 223 daAuts
